 Dungeon Crawl Stone Soup version 0.18.1-8-gdd0e5ea (webtiles) character file.

3581 nikopol the Cleaver (level 9, -6/124 HPs)
             Began as a Minotaur Berserker on June 5, 2016.
             Was a High Priest of Trog.
             Engulfed by a fire crab (shapeshifter)'s flame (8 damage)
             ... on level 8 of the Dungeon.
             The game lasted 00:30:43 (7344 turns).

nikopol the Cleaver (Minotaur Berserker)            Turns: 7344, Time: 00:30:44

Health: -6/124     AC:  9    Str: 27    XL:     9   Next: 84%
Magic:  8/8        EV: 15    Int:  4    God:    Trog [*****.]
Gold:   347        SH:  0    Dex: 13    Spells: 0 memorised, 8 levels left

rFire  . . .     SeeInvis .     x - +0 war axe
rCold  + . .     Gourm    +     G - +1 ring mail {rC+}
rNeg   . . .     Faith    .     (no shield)
rPois  .         Spirit   .     (helmet restricted)
rElec  .         Dismiss  .     (no cloak)
rCorr  .         Reflect  .     N - +0 pair of gloves
SustAt .         Harm     .     (no boots)
MR     +....                    C - amulet of the gourmand
Stlth  ..........               F - ring of protection from magic
                                k - ring of flight

@: berserking, very quick, somewhat resistant to hostile enchantments, extremely
unstealthy
A: retaliatory headbutt, horns 2
a: Berserk, Trog's Hand, Brothers in Arms, Burn Spellbooks, Renounce Religion,
Evoke Flight


You were on level 8 of the Dungeon.
You worshipped Trog.
Trog was extremely pleased with you.
You were very full.

You visited 1 branch of the dungeon, and saw 8 of its levels.
You also visited: Sewer.

You collected 347 gold pieces.

Inventory:

Hand Weapons
 c - a +0 shortbow
 x - a +0 war axe (weapon)
 L - a +0 hand axe
Missiles
 z - 113 arrows
Armour
 b - a +0 animal skin
 q - a +0 ring mail
 G - a +1 ring mail of cold resistance (worn)
 N - a +0 pair of gloves (worn)
Jewellery
 k - a ring of flight (left hand)
 p - an uncursed ring of stealth
 C - an amulet of the gourmand (around neck)
 F - a ring of protection from magic (right hand)
Wands
 B - a wand of acid (9/15)
 P - a wand of enslavement (13/24)
Scrolls
 d - 5 scrolls of identify
 e - 2 scrolls of enchant armour {unknown}
 g - 3 scrolls of magic mapping
 i - a scroll of random uselessness {unknown}
 j - a scroll of amnesia {unknown}
 n - a scroll of immolation {unknown}
 y - a scroll of summoning {unknown}
 E - a scroll of brand weapon {unknown}
 I - a scroll of enchant weapon {unknown}
 Q - a scroll of blinking {unknown}
 S - a scroll of remove curse {unknown}
Potions
 a - 2 potions of degeneration {unknown}
 f - a potion of brilliance {unknown}
 h - 9 potions of heal wounds
 l - a potion of lignification {unknown}
 m - 2 potions of haste {unknown}
 o - a potion of invisibility {unknown}
 r - a potion of magic {unknown}
 s - 9 potions of curing
 u - 5 potions of might {unknown}
 v - 2 potions of mutation {unknown}
 A - a potion of berserk rage {unknown}
 J - a potion of ambrosia {unknown}
 K - a potion of cancellation {unknown}
 M - a potion of resistance {unknown}
 O - a potion of agility {unknown}
Comestibles
 t - 2 beef jerkies
 w - 2 meat rations
 D - 2 fruits
 H - 8 bread rations


   Skills:
 + Level 9.0 Fighting
 + Level 9.1 Axes
 + Level 4.7 Bows
 + Level 8.3 Armour
 + Level 7.3 Dodging


You had 8 spell levels left.
You didn't know any spells.

Dungeon Overview and Level Annotations

Branches:
Dungeon (8/15)             Temple (0/1) D:5
   Lair: D:8-11

Altars:
Dithmenos
Okawaru
Ru
Trog
Yredelemnul

Shops:
D:4 !


Innate Abilities, Weirdness & Mutations

You reflexively headbutt those who attack you in melee.
You have a pair of horns on your head.


Message History

The blast of flame misses you.
You barely miss the fire crab.
The fire crab is lightly wounded.
You are engulfed in roaring flames.
* * * LOW HITPOINT WARNING * * *
The fire crab closely misses you. The fire crab barely misses you.
A red film seems to cover your vision as you go berserk!
You feel yourself moving faster!
You feel mighty!
You are engulfed in roaring flames.
* * * LOW HITPOINT WARNING * * *
The fire crab bites you but does no damage.
The fire crab misses you.
You barely miss the fire crab.
You headbutt the fire crab, but do no damage.
You are engulfed in roaring flames.
* * * LOW HITPOINT WARNING * * *
You slash the fire crab! Your headbutt misses the fire crab.
The fire crab is moderately wounded.
You are engulfed in roaring flames.
You die...

+.........'........
#.>.......####.....
#.......## ##....
##.....## ####.
##...## #. #####'##
#. ..##.# #. #t##.#
#. #####@##.#####
#. #............#
#. #.###......#.#
#. #.#...##.# #.
...##.###.########.
########
#..........
###########


You could see a fire crab.

Vanquished Creatures
  Prince Ribbit (D:5)
  Sigmund (D:5)
  A spriggan (D:8)
  A hippogriff (D:8)
  Menkaure (D:7)
  3 orc warriors
  2 ice beasts
  A black bear (D:7)
  2 sky beasts
  A phantom (D:5)
  An eye of draining (D:6)
  A necrophage (D:8)
  2 ogres
  A centaur (D:5)
  3 giant frogs
  A scorpion (D:7)
  An electric eel (D:6)
  3 howler monkeys (D:8)
  A quasit (D:7)
  2 hounds
  A jelly (D:7)
  2 centaur skeletons
  7 orc wizards
  6 orc priests
  4 giant frog skeletons
  2 worker ants (D:4)
  A hound zombie (D:5)
  A worker ant zombie (D:6)
  6 gnolls (D:4)
  12 adders
  7 river rats
  A shadow imp (D:8)
  An adder zombie (D:7)
  2 adder skeletons (D:4)
  2 worms (D:2)
  6 dart slugs
  7 giant geckos
  24 orcs
  10 ball pythons
  2 bats
  10 giant cockroaches
  3 goblins
  7 hobgoblins
  10 jackals
  28 kobolds
  A quokka (D:4)
  13 giant newts
  A quokka skeleton (D:4)
  27 rats
234 creatures vanquished.

Notes
Turn   | Place    | Note
--------------------------------------------------------------
     0 | D:1      | nikopol the Minotaur Berserker began the quest for the Orb.
     0 | D:1      | Reached XP level 1. HP: 19/19 MP: 0/0
   379 | D:1      | Reached XP level 2. HP: 26/27 MP: 1/1
   803 | D:2      | Reached XP level 3. HP: 33/33 MP: 2/2
   811 | D:2      | Reached ** piety under Trog
   816 | D:2      | Found an iron altar of Okawaru.
  1266 | D:2      | Reached XP level 4. HP: 37/41 MP: 3/3
  1448 | D:2      | Found a faded altar to an unknown god.
  1580 | D:2      | Reached *** piety under Trog
  2049 | D:3      | Reached XP level 5. HP: 47/47 MP: 4/4
  2368 | D:4      | Reached skill level 5 in Axes
  2397 | D:4      | Reached skill level 5 in Fighting
  2432 | D:4      | Found Fiema's Distillery.
  2499 | D:4      | Reached XP level 6. HP: 14/56 MP: 5/5
  2512 | D:4      | Reached **** piety under Trog
  2531 | D:4      | Found a glowing drain.
  2541 | Sewer    | Entered a sewer
  3048 | Sewer    | Reached ***** piety under Trog
  4080 | D:4      | Reached skill level 5 in Armour
  4165 | D:4      | Reached XP level 7. HP: 47/62 MP: 6/6
  4253 | D:5      | Entered Level 5 of the Dungeon
  4292 | D:5      | Found a staircase to the Ecumenical Temple.
  4678 | D:5      | Noticed Prince Ribbit
  4698 | D:5      | Killed Prince Ribbit
  4698 | D:5      | Reached skill level 5 in Dodging
  4698 | D:5      | Reached XP level 8. HP: 49/71 MP: 7/7
  4931 | D:5      | Noticed Sigmund
  4938 | D:5      | Killed Sigmund
  5107 | D:6      | Found a bloodstained altar of Trog.
  5623 | D:6      | Reached skill level 1 in Bows
  6001 | D:6      | Found a basalt altar of Yredelemnul.
  6080 | D:7      | Noticed Menkaure
  6085 | D:7      | Killed Menkaure
  6090 | D:7      | Reached XP level 9. HP: 81/81 MP: 8/8
  6509 | D:7      | Received a gift from Trog
  7280 | D:8      | Found a sacrificial altar of Ru.
  7280 | D:8      | Found a shadowy altar of Dithmenos.
  7338 | D:8      | Noticed a fire crab
  7343 | D:8      | HP: 1/124 [fire crab (shapeshifter)] (10)]
  7344 | D:8      | Engulfed by a fire crab (shapeshifter)'s flame

Skill      XL: |  1  2  3  4  5  6  7  8  9 |
---------------+----------------------------+-----
Fighting       | 4 5 6 8 9 |  9.0
Axes           | 4 5 7 9 |  9.1
Armour         | 3 4 5 7 8 |  8.3
Dodging        | 3 4 5 6 7 |  7.3
Bows           | 2 4 |  4.7

Action                   |  1- 3 |  4- 6 |  7- 9 || total
-------------------------+-------+-------+-------++-------
Melee: Hand axe          |    72 |   243 |    96 ||   411
       Headbutt          |    11 |    52 |    50 ||   113
       War axe           |       |       |   135 ||   135
 Fire: Shortbow          |       |       |    61 ||    61
Invok: Berserk           |       |     1 |     7 ||     8
       Burn Spellbooks   |       |     1 |     1 ||     2
  Use: Scroll            |       |     3 |       ||     3
  Eat: Chunk             |     1 |    19 |    22 ||    42
Armor: Animal skin       |     7 |       |       ||     7
       Ring mail         |     2 |    77 |    57 ||   136
Dodge: Dodged            |    39 |   182 |   171 ||   392
